Workbook

Sheet Buchungsjournal
A1: Buchungs-ID | B1: Datum | C1: Belegnummer | D1: Beschreibung | E1: Buchungstext | F1: Soll-Konto | G1: Soll-Konto-Bezeichnung | H1: Haben-Konto | I1: Haben-Konto-Bezeichnung | J1: Nettobetrag CHF | K1: MWST-Code | L1: MWST-Satz | M1: MWST-Betrag CHF | N1: Bruttobetrag CHF | O1: Kostenstelle | P1: Erfasst durch | Q1: Prüfstatus
A2: BJ-2026-001 | B2: 46027 | C2: BE-2026-001 | D2: Bankeinlage des Inhabers | E2: Bank an Eigenkapital | F2: 1020 | G2: =IF('Buchungsjournal'!$F2="","",IFERROR(VLOOKUP('Buchungsjournal'!$F2,'Kontenplan'!$A$2:$G$101,2,FALSE),"")) | H2: 2800 | I2: =IF('Buchungsjournal'!$H2="","",IFERROR(VLOOKUP('Buchungsjournal'!$H2,'Kontenplan'!$A$2:$G$101,2,FALSE),"")) | J2: 20000 | K2: Keine | L2: =IF('Buchungsjournal'!$K2="","",IFERROR(VLOOKUP('Buchungsjournal'!$K2,'Kontenplan'!$E$2:$F$101,2,FALSE),0)) | M2: =IF(OR('Buchungsjournal'!$J2="",'Buchungsjournal'!$L2=""),"",'Buchungsjournal'!$J2*'Buchungsjournal'!$L2) | N2: =IF('Buchungsjournal'!$J2="","",'Buchungsjournal'!$J2+'Buchungsjournal'!$M2) | O2: Inhaber | P2: Andrea Meier | Q2: =IF(AND('Buchungsjournal'!$F2="",'Buchungsjournal'!$H2="",'Buchungsjournal'!$J2=""),"",IF(OR('Buchungsjournal'!$F2="",'Buchungsjournal'!$H2="",'Buchungsjournal'!$J2<=0),"Prüfen","OK"))
A3: BJ-2026-002 | B3: 46030 | C3: BE-2026-002 | D3: Büromiete Januar | E3: Raumaufwand an Bank | F3: 6200 | G3: =IF('Buchungsjournal'!$F3="","",IFERROR(VLOOKUP('Buchungsjournal'!$F3,'Kontenplan'!$A$2:$G$101,2,FALSE),"")) | H3: 1020 | I3: =IF('Buchungsjournal'!$H3="","",IFERROR(VLOOKUP('Buchungsjournal'!$H3,'Kontenplan'!$A$2:$G$101,2,FALSE),"")) | J3: 1500 | K3: Keine | L3: =IF('Buchungsjournal'!$K3="","",IFERROR(VLOOKUP('Buchungsjournal'!$K3,'Kontenplan'!$E$2:$F$101,2,FALSE),0)) | M3: =IF(OR('Buchungsjournal'!$J3="",'Buchungsjournal'!$L3=""),"",'Buchungsjournal'!$J3*'Buchungsjournal'!$L3) | N3: =IF('Buchungsjournal'!$J3="","",'Buchungsjournal'!$J3+'Buchungsjournal'!$M3) | O3: Administration | P3: Markus Keller | Q3: =IF(AND('Buchungsjournal'!$F3="",'Buchungsjournal'!$H3="",'Buchungsjournal'!$J3=""),"",IF(OR('Buchungsjournal'!$F3="",'Buchungsjournal'!$H3="",'Buchungsjournal'!$J3<=0),"Prüfen","OK"))
A4: BJ-2026-003 | B4: 46036 | C4: RE-2026-017 | D4: Wareneinkauf auf Rechnung | E4: Warenaufwand an Verbindlichkeiten | F4: 4000 | G4: =IF('Buchungsjournal'!$F4="","",IFERROR(VLOOKUP('Buchungsjournal'!$F4,'Kontenplan'!$A$2:$G$101,2,FALSE),"")) | H4: 2000 | I4: =IF('Buchungsjournal'!$H4="","",IFERROR(VLOOKUP('Buchungsjournal'!$H4,'Kontenplan'!$A$2:$G$101,2,FALSE),"")) | J4: 4000 | K4: V81 | L4: =IF('Buchungsjournal'!$K4="","",IFERROR(VLOOKUP('Buchungsjournal'!$K4,'Kontenplan'!$E$2:$F$101,2,FALSE),0)) | M4: =IF(OR('Buchungsjournal'!$J4="",'Buchungsjournal'!$L4=""),"",'Buchungsjournal'!$J4*'Buchungsjournal'!$L4) | N4: =IF('Buchungsjournal'!$J4="","",'Buchungsjournal'!$J4+'Buchungsjournal'!$M4) | O4: Lager | P4: Sandra Müller | Q4: =IF(AND('Buchungsjournal'!$F4="",'Buchungsjournal'!$H4="",'Buchungsjournal'!$J4=""),"",IF(OR('Buchungsjournal'!$F4="",'Buchungsjournal'!$H4="",'Buchungsjournal'!$J4<=0),"Prüfen","OK"))
A5: BJ-2026-004 | B5: 46055 | C5: RE-2026-021 | D5: Verkauf Handelswaren auf Rechnung | E5: Forderungen an Warenertrag | F5: 1100 | G5: =IF('Buchungsjournal'!$F5="","",IFERROR(VLOOKUP('Buchungsjournal'!$F5,'Kontenplan'!$A$2:$G$101,2,FALSE),"")) | H5: 3000 | I5: =IF('Buchungsjournal'!$H5="","",IFERROR(VLOOKUP('Buchungsjournal'!$H5,'Kontenplan'!$A$2:$G$101,2,FALSE),"")) | J5: 3000 | K5: U81 | L5: =IF('Buchungsjournal'!$K5="","",IFERROR(VLOOKUP('Buchungsjournal'!$K5,'Kontenplan'!$E$2:$F$101,2,FALSE),0)) | M5: =IF(OR('Buchungsjournal'!$J5="",'Buchungsjournal'!$L5=""),"",'Buchungsjournal'!$J5*'Buchungsjournal'!$L5) | N5: =IF('Buchungsjournal'!$J5="","",'Buchungsjournal'!$J5+'Buchungsjournal'!$M5) | O5: Verkauf | P5: Thomas Frei | Q5: =IF(AND('Buchungsjournal'!$F5="",'Buchungsjournal'!$H5="",'Buchungsjournal'!$J5=""),"",IF(OR('Buchungsjournal'!$F5="",'Buchungsjournal'!$H5="",'Buchungsjournal'!$J5<=0),"Prüfen","OK"))
A6: BJ-2026-005 | B6: 46068 | C6: ZA-2026-008 | D6: Kundenzahlung Teilbetrag | E6: Bank an Forderungen | F6: 1020 | G6: =IF('Buchungsjournal'!$F6="","",IFERROR(VLOOKUP('Buchungsjournal'!$F6,'Kontenplan'!$A$2:$G$101,2,FALSE),"")) | H6: 1100 | I6: =IF('Buchungsjournal'!$H6="","",IFERROR(VLOOKUP('Buchungsjournal'!$H6,'Kontenplan'!$A$2:$G$101,2,FALSE),"")) | J6: 3242 | K6: Keine | L6: =IF('Buchungsjournal'!$K6="","",IFERROR(VLOOKUP('Buchungsjournal'!$K6,'Kontenplan'!$E$2:$F$101,2,FALSE),0)) | M6: =IF(OR('Buchungsjournal'!$J6="",'Buchungsjournal'!$L6=""),"",'Buchungsjournal'!$J6*'Buchungsjournal'!$L6) | N6: =IF('Buchungsjournal'!$J6="","",'Buchungsjournal'!$J6+'Buchungsjournal'!$M6) | O6: Verkauf | P6: Nicole Schmid | Q6: =IF(AND('Buchungsjournal'!$F6="",'Buchungsjournal'!$H6="",'Buchungsjournal'!$J6=""),"",IF(OR('Buchungsjournal'!$F6="",'Buchungsjournal'!$H6="",'Buchungsjournal'!$J6<=0),"Prüfen","OK"))
A7: BJ-2026-006 | B7: 46084 | C7: ZA-2026-012 | D7: Zahlung an Lieferanten | E7: Verbindlichkeiten an Bank | F7: 2000 | G7: =IF('Buchungsjournal'!$F7="","",IFERROR(VLOOKUP('Buchungsjournal'!$F7,'Kontenplan'!$A$2:$G$101,2,FALSE),"")) | H7: 1020 | I7: =IF('Buchungsjournal'!$H7="","",IFERROR(VLOOKUP('Buchungsjournal'!$H7,'Kontenplan'!$A$2:$G$101,2,FALSE),"")) | J7: 4324 | K7: Keine | L7: =IF('Buchungsjournal'!$K7="","",IFERROR(VLOOKUP('Buchungsjournal'!$K7,'Kontenplan'!$E$2:$F$101,2,FALSE),0)) | M7: =IF(OR('Buchungsjournal'!$J7="",'Buchungsjournal'!$L7=""),"",'Buchungsjournal'!$J7*'Buchungsjournal'!$L7) | N7: =IF('Buchungsjournal'!$J7="","",'Buchungsjournal'!$J7+'Buchungsjournal'!$M7) | O7: Lager | P7: Reto Huber | Q7: =IF(AND('Buchungsjournal'!$F7="",'Buchungsjournal'!$H7="",'Buchungsjournal'!$J7=""),"",IF(OR('Buchungsjournal'!$F7="",'Buchungsjournal'!$H7="",'Buchungsjournal'!$J7<=0),"Prüfen","OK"))
A8: BJ-2026-007 | B8: 46091 | C8: BE-2026-014 | D8: Büromaterial inklusive MWST | E8: Verwaltungsaufwand an Bank | F8: 6500 | G8: =IF('Buchungsjournal'!$F8="","",IFERROR(VLOOKUP('Buchungsjournal'!$F8,'Kontenplan'!$A$2:$G$101,2,FALSE),"")) | H8: 1020 | I8: =IF('Buchungsjournal'!$H8="","",IFERROR(VLOOKUP('Buchungsjournal'!$H8,'Kontenplan'!$A$2:$G$101,2,FALSE),"")) | J8: 300 | K8: V81 | L8: =IF('Buchungsjournal'!$K8="","",IFERROR(VLOOKUP('Buchungsjournal'!$K8,'Kontenplan'!$E$2:$F$101,2,FALSE),0)) | M8: =IF(OR('Buchungsjournal'!$J8="",'Buchungsjournal'!$L8=""),"",'Buchungsjournal'!$J8*'Buchungsjournal'!$L8) | N8: =IF('Buchungsjournal'!$J8="","",'Buchungsjournal'!$J8+'Buchungsjournal'!$M8) | O8: Administration | P8: Claudia Meier | Q8: =IF(AND('Buchungsjournal'!$F8="",'Buchungsjournal'!$H8="",'Buchungsjournal'!$J8=""),"",IF(OR('Buchungsjournal'!$F8="",'Buchungsjournal'!$H8="",'Buchungsjournal'!$J8<=0),"Prüfen","OK"))
A9: BJ-2026-008 | B9: 46095 | C9: BE-2026-015 | D9: Bankspesen März | E9: Finanzaufwand an Bank | F9: 6900 | G9: =IF('Buchungsjournal'!$F9="","",IFERROR(VLOOKUP('Buchungsjournal'!$F9,'Kontenplan'!$A$2:$G$101,2,FALSE),"")) | H9: 1020 | I9: =IF('Buchungsjournal'!$H9="","",IFERROR(VLOOKUP('Buchungsjournal'!$H9,'Kontenplan'!$A$2:$G$101,2,FALSE),"")) | J9: 35 | K9: Keine | L9: =IF('Buchungsjournal'!$K9="","",IFERROR(VLOOKUP('Buchungsjournal'!$K9,'Kontenplan'!$E$2:$F$101,2,FALSE),0)) | M9: =IF(OR('Buchungsjournal'!$J9="",'Buchungsjournal'!$L9=""),"",'Buchungsjournal'!$J9*'Buchungsjournal'!$L9) | N9: =IF('Buchungsjournal'!$J9="","",'Buchungsjournal'!$J9+'Buchungsjournal'!$M9) | O9: Allgemein | P9: Stefan Graf | Q9: =IF(AND('Buchungsjournal'!$F9="",'Buchungsjournal'!$H9="",'Buchungsjournal'!$J9=""),"",IF(OR('Buchungsjournal'!$F9="",'Buchungsjournal'!$H9="",'Buchungsjournal'!$J9<=0),"Prüfen","OK"))
A10: BJ-2026-009 | B10: 46101 | C10: RE-2026-029 | D10: Verkauf gegen Bankzahlung | E10: Bank an Warenertrag | F10: 1020 | G10: =IF('Buchungsjournal'!$F10="","",IFERROR(VLOOKUP('Buchungsjournal'!$F10,'Kontenplan'!$A$2:$G$101,2,FALSE),"")) | H10: 3000 | I10: =IF('Buchungsjournal'!$H10="","",IFERROR(VLOOKUP('Buchungsjournal'!$H10,'Kontenplan'!$A$2:$G$101,2,FALSE),"")) | J10: 2500 | K10: U81 | L10: =IF('Buchungsjournal'!$K10="","",IFERROR(VLOOKUP('Buchungsjournal'!$K10,'Kontenplan'!$E$2:$F$101,2,FALSE),0)) | M10: =IF(OR('Buchungsjournal'!$J10="",'Buchungsjournal'!$L10=""),"",'Buchungsjournal'!$J10*'Buchungsjournal'!$L10) | N10: =IF('Buchungsjournal'!$J10="","",'Buchungsjournal'!$J10+'Buchungsjournal'!$M10) | O10: Verkauf | P10: Andrea Meier | Q10: =IF(AND('Buchungsjournal'!$F10="",'Buchungsjournal'!$H10="",'Buchungsjournal'!$J10=""),"",IF(OR('Buchungsjournal'!$F10="",'Buchungsjournal'!$H10="",'Buchungsjournal'!$J10<=0),"Prüfen","OK"))
A11: BJ-2026-010 | B11: 46109 | C11: BE-2026-019 | D11: Privatbezug des Inhabers | E11: Privatkonto an Bank | F11: 2850 | G11: =IF('Buchungsjournal'!$F11="","",IFERROR(VLOOKUP('Buchungsjournal'!$F11,'Kontenplan'!$A$2:$G$101,2,FALSE),"")) | H11: 1020 | I11: =IF('Buchungsjournal'!$H11="","",IFERROR(VLOOKUP('Buchungsjournal'!$H11,'Kontenplan'!$A$2:$G$101,2,FALSE),"")) | J11: 800 | K11: Keine | L11: =IF('Buchungsjournal'!$K11="","",IFERROR(VLOOKUP('Buchungsjournal'!$K11,'Kontenplan'!$E$2:$F$101,2,FALSE),0)) | M11: =IF(OR('Buchungsjournal'!$J11="",'Buchungsjournal'!$L11=""),"",'Buchungsjournal'!$J11*'Buchungsjournal'!$L11) | N11: =IF('Buchungsjournal'!$J11="","",'Buchungsjournal'!$J11+'Buchungsjournal'!$M11) | O11: Inhaber | P11: Markus Keller | Q11: =IF(AND('Buchungsjournal'!$F11="",'Buchungsjournal'!$H11="",'Buchungsjournal'!$J11=""),"",IF(OR('Buchungsjournal'!$F11="",'Buchungsjournal'!$H11="",'Buchungsjournal'!$J11<=0),"Prüfen","OK"))
G12: =IF('Buchungsjournal'!$F12="","",IFERROR(VLOOKUP('Buchungsjournal'!$F12,'Kontenplan'!$A$2:$G$101,2,FALSE),"")) | I12: =IF('Buchungsjournal'!$H12="","",IFERROR(VLOOKUP('Buchungsjournal'!$H12,'Kontenplan'!$A$2:$G$101,2,FALSE),"")) | L12: =IF('Buchungsjournal'!$K12="","",IFERROR(VLOOKUP('Buchungsjournal'!$K12,'Kontenplan'!$E$2:$F$101,2,FALSE),0)) | M12: =IF(OR('Buchungsjournal'!$J12="",'Buchungsjournal'!$L12=""),"",'Buchungsjournal'!$J12*'Buchungsjournal'!$L12) | N12: =IF('Buchungsjournal'!$J12="","",'Buchungsjournal'!$J12+'Buchungsjournal'!$M12) | Q12: =IF(AND('Buchungsjournal'!$F12="",'Buchungsjournal'!$H12="",'Buchungsjournal'!$J12=""),"",IF(OR('Buchungsjournal'!$F12="",'Buchungsjournal'!$H12="",'Buchungsjournal'!$J12<=0),"Prüfen","OK"))
G13: =IF('Buchungsjournal'!$F13="","",IFERROR(VLOOKUP('Buchungsjournal'!$F13,'Kontenplan'!$A$2:$G$101,2,FALSE),"")) | I13: =IF('Buchungsjournal'!$H13="","",IFERROR(VLOOKUP('Buchungsjournal'!$H13,'Kontenplan'!$A$2:$G$101,2,FALSE),"")) | L13: =IF('Buchungsjournal'!$K13="","",IFERROR(VLOOKUP('Buchungsjournal'!$K13,'Kontenplan'!$E$2:$F$101,2,FALSE),0)) | M13: =IF(OR('Buchungsjournal'!$J13="",'Buchungsjournal'!$L13=""),"",'Buchungsjournal'!$J13*'Buchungsjournal'!$L13) | N13: =IF('Buchungsjournal'!$J13="","",'Buchungsjournal'!$J13+'Buchungsjournal'!$M13) | Q13: =IF(AND('Buchungsjournal'!$F13="",'Buchungsjournal'!$H13="",'Buchungsjournal'!$J13=""),"",IF(OR('Buchungsjournal'!$F13="",'Buchungsjournal'!$H13="",'Buchungsjournal'!$J13<=0),"Prüfen","OK"))
G14: =IF('Buchungsjournal'!$F14="","",IFERROR(VLOOKUP('Buchungsjournal'!$F14,'Kontenplan'!$A$2:$G$101,2,FALSE),"")) | I14: =IF('Buchungsjournal'!$H14="","",IFERROR(VLOOKUP('Buchungsjournal'!$H14,'Kontenplan'!$A$2:$G$101,2,FALSE),"")) | L14: =IF('Buchungsjournal'!$K14="","",IFERROR(VLOOKUP('Buchungsjournal'!$K14,'Kontenplan'!$E$2:$F$101,2,FALSE),0)) | M14: =IF(OR('Buchungsjournal'!$J14="",'Buchungsjournal'!$L14=""),"",'Buchungsjournal'!$J14*'Buchungsjournal'!$L14) | N14: =IF('Buchungsjournal'!$J14="","",'Buchungsjournal'!$J14+'Buchungsjournal'!$M14) | Q14: =IF(AND('Buchungsjournal'!$F14="",'Buchungsjournal'!$H14="",'Buchungsjournal'!$J14=""),"",IF(OR('Buchungsjournal'!$F14="",'Buchungsjournal'!$H14="",'Buchungsjournal'!$J14<=0),"Prüfen","OK"))
G15: =IF('Buchungsjournal'!$F15="","",IFERROR(VLOOKUP('Buchungsjournal'!$F15,'Kontenplan'!$A$2:$G$101,2,FALSE),"")) | I15: =IF('Buchungsjournal'!$H15="","",IFERROR(VLOOKUP('Buchungsjournal'!$H15,'Kontenplan'!$A$2:$G$101,2,FALSE),"")) | L15: =IF('Buchungsjournal'!$K15="","",IFERROR(VLOOKUP('Buchungsjournal'!$K15,'Kontenplan'!$E$2:$F$101,2,FALSE),0)) | M15: =IF(OR('Buchungsjournal'!$J15="",'Buchungsjournal'!$L15=""),"",'Buchungsjournal'!$J15*'Buchungsjournal'!$L15) | N15: =IF('Buchungsjournal'!$J15="","",'Buchungsjournal'!$J15+'Buchungsjournal'!$M15) | Q15: =IF(AND('Buchungsjournal'!$F15="",'Buchungsjournal'!$H15="",'Buchungsjournal'!$J15=""),"",IF(OR('Buchungsjournal'!$F15="",'Buchungsjournal'!$H15="",'Buchungsjournal'!$J15<=0),"Prüfen","OK"))
G16: =IF('Buchungsjournal'!$F16="","",IFERROR(VLOOKUP('Buchungsjournal'!$F16,'Kontenplan'!$A$2:$G$101,2,FALSE),"")) | I16: =IF('Buchungsjournal'!$H16="","",IFERROR(VLOOKUP('Buchungsjournal'!$H16,'Kontenplan'!$A$2:$G$101,2,FALSE),"")) | L16: =IF('Buchungsjournal'!$K16="","",IFERROR(VLOOKUP('Buchungsjournal'!$K16,'Kontenplan'!$E$2:$F$101,2,FALSE),0)) | M16: =IF(OR('Buchungsjournal'!$J16="",'Buchungsjournal'!$L16=""),"",'Buchungsjournal'!$J16*'Buchungsjournal'!$L16) | N16: =IF('Buchungsjournal'!$J16="","",'Buchungsjournal'!$J16+'Buchungsjournal'!$M16) | Q16: =IF(AND('Buchungsjournal'!$F16="",'Buchungsjournal'!$H16="",'Buchungsjournal'!$J16=""),"",IF(OR('Buchungsjournal'!$F16="",'Buchungsjournal'!$H16="",'Buchungsjournal'!$J16<=0),"Prüfen","OK"))
G17: =IF('Buchungsjournal'!$F17="","",IFERROR(VLOOKUP('Buchungsjournal'!$F17,'Kontenplan'!$A$2:$G$101,2,FALSE),"")) | I17: =IF('Buchungsjournal'!$H17="","",IFERROR(VLOOKUP('Buchungsjournal'!$H17,'Kontenplan'!$A$2:$G$101,2,FALSE),"")) | L17: =IF('Buchungsjournal'!$K17="","",IFERROR(VLOOKUP('Buchungsjournal'!$K17,'Kontenplan'!$E$2:$F$101,2,FALSE),0)) | M17: =IF(OR('Buchungsjournal'!$J17="",'Buchungsjournal'!$L17=""),"",'Buchungsjournal'!$J17*'Buchungsjournal'!$L17) | N17: =IF('Buchungsjournal'!$J17="","",'Buchungsjournal'!$J17+'Buchungsjournal'!$M17) | Q17: =IF(AND('Buchungsjournal'!$F17="",'Buchungsjournal'!$H17="",'Buchungsjournal'!$J17=""),"",IF(OR('Buchungsjournal'!$F17="",'Buchungsjournal'!$H17="",'Buchungsjournal'!$J17<=0),"Prüfen","OK"))
G18: =IF('Buchungsjournal'!$F18="","",IFERROR(VLOOKUP('Buchungsjournal'!$F18,'Kontenplan'!$A$2:$G$101,2,FALSE),"")) | I18: =IF('Buchungsjournal'!$H18="","",IFERROR(VLOOKUP('Buchungsjournal'!$H18,'Kontenplan'!$A$2:$G$101,2,FALSE),"")) | L18: =IF('Buchungsjournal'!$K18="","",IFERROR(VLOOKUP('Buchungsjournal'!$K18,'Kontenplan'!$E$2:$F$101,2,FALSE),0)) | M18: =IF(OR('Buchungsjournal'!$J18="",'Buchungsjournal'!$L18=""),"",'Buchungsjournal'!$J18*'Buchungsjournal'!$L18) | N18: =IF('Buchungsjournal'!$J18="","",'Buchungsjournal'!$J18+'Buchungsjournal'!$M18) | Q18: =IF(AND('Buchungsjournal'!$F18="",'Buchungsjournal'!$H18="",'Buchungsjournal'!$J18=""),"",IF(OR('Buchungsjournal'!$F18="",'Buchungsjournal'!$H18="",'Buchungsjournal'!$J18<=0),"Prüfen","OK"))
G19: =IF('Buchungsjournal'!$F19="","",IFERROR(VLOOKUP('Buchungsjournal'!$F19,'Kontenplan'!$A$2:$G$101,2,FALSE),"")) | I19: =IF('Buchungsjournal'!$H19="","",IFERROR(VLOOKUP('Buchungsjournal'!$H19,'Kontenplan'!$A$2:$G$101,2,FALSE),"")) | L19: =IF('Buchungsjournal'!$K19="","",IFERROR(VLOOKUP('Buchungsjournal'!$K19,'Kontenplan'!$E$2:$F$101,2,FALSE),0)) | M19: =IF(OR('Buchungsjournal'!$J19="",'Buchungsjournal'!$L19=""),"",'Buchungsjournal'!$J19*'Buchungsjournal'!$L19) | N19: =IF('Buchungsjournal'!$J19="","",'Buchungsjournal'!$J19+'Buchungsjournal'!$M19) | Q19: =IF(AND('Buchungsjournal'!$F19="",'Buchungsjournal'!$H19="",'Buchungsjournal'!$J19=""),"",IF(OR('Buchungsjournal'!$F19="",'Buchungsjournal'!$H19="",'Buchungsjournal'!$J19<=0),"Prüfen","OK"))
G20: =IF('Buchungsjournal'!$F20="","",IFERROR(VLOOKUP('Buchungsjournal'!$F20,'Kontenplan'!$A$2:$G$101,2,FALSE),"")) | I20: =IF('Buchungsjournal'!$H20="","",IFERROR(VLOOKUP('Buchungsjournal'!$H20,'Kontenplan'!$A$2:$G$101,2,FALSE),"")) | L20: =IF('Buchungsjournal'!$K20="","",IFERROR(VLOOKUP('Buchungsjournal'!$K20,'Kontenplan'!$E$2:$F$101,2,FALSE),0)) | M20: =IF(OR('Buchungsjournal'!$J20="",'Buchungsjournal'!$L20=""),"",'Buchungsjournal'!$J20*'Buchungsjournal'!$L20) | N20: =IF('Buchungsjournal'!$J20="","",'Buchungsjournal'!$J20+'Buchungsjournal'!$M20) | Q20: =IF(AND('Buchungsjournal'!$F20="",'Buchungsjournal'!$H20="",'Buchungsjournal'!$J20=""),"",IF(OR('Buchungsjournal'!$F20="",'Buchungsjournal'!$H20="",'Buchungsjournal'!$J20<=0),"Prüfen","OK"))
G21: =IF('Buchungsjournal'!$F21="","",IFERROR(VLOOKUP('Buchungsjournal'!$F21,'Kontenplan'!$A$2:$G$101,2,FALSE),"")) | I21: =IF('Buchungsjournal'!$H21="","",IFERROR(VLOOKUP('Buchungsjournal'!$H21,'Kontenplan'!$A$2:$G$101,2,FALSE),"")) | L21: =IF('Buchungsjournal'!$K21="","",IFERROR(VLOOKUP('Buchungsjournal'!$K21,'Kontenplan'!$E$2:$F$101,2,FALSE),0)) | M21: =IF(OR('Buchungsjournal'!$J21="",'Buchungsjournal'!$L21=""),"",'Buchungsjournal'!$J21*'Buchungsjournal'!$L21) | N21: =IF('Buchungsjournal'!$J21="","",'Buchungsjournal'!$J21+'Buchungsjournal'!$M21) | Q21: =IF(AND('Buchungsjournal'!$F21="",'Buchungsjournal'!$H21="",'Buchungsjournal'!$J21=""),"",IF(OR('Buchungsjournal'!$F21="",'Buchungsjournal'!$H21="",'Buchungsjournal'!$J21<=0),"Prüfen","OK"))
G22: =IF('Buchungsjournal'!$F22="","",IFERROR(VLOOKUP('Buchungsjournal'!$F22,'Kontenplan'!$A$2:$G$101,2,FALSE),"")) | I22: =IF('Buchungsjournal'!$H22="","",IFERROR(VLOOKUP('Buchungsjournal'!$H22,'Kontenplan'!$A$2:$G$101,2,FALSE),"")) | L22: =IF('Buchungsjournal'!$K22="","",IFERROR(VLOOKUP('Buchungsjournal'!$K22,'Kontenplan'!$E$2:$F$101,2,FALSE),0)) | M22: =IF(OR('Buchungsjournal'!$J22="",'Buchungsjournal'!$L22=""),"",'Buchungsjournal'!$J22*'Buchungsjournal'!$L22) | N22: =IF('Buchungsjournal'!$J22="","",'Buchungsjournal'!$J22+'Buchungsjournal'!$M22) | Q22: =IF(AND('Buchungsjournal'!$F22="",'Buchungsjournal'!$H22="",'Buchungsjournal'!$J22=""),"",IF(OR('Buchungsjournal'!$F22="",'Buchungsjournal'!$H22="",'Buchungsjournal'!$J22<=0),"Prüfen","OK"))
G23: =IF('Buchungsjournal'!$F23="","",IFERROR(VLOOKUP('Buchungsjournal'!$F23,'Kontenplan'!$A$2:$G$101,2,FALSE),"")) | I23: =IF('Buchungsjournal'!$H23="","",IFERROR(VLOOKUP('Buchungsjournal'!$H23,'Kontenplan'!$A$2:$G$101,2,FALSE),"")) | L23: =IF('Buchungsjournal'!$K23="","",IFERROR(VLOOKUP('Buchungsjournal'!$K23,'Kontenplan'!$E$2:$F$101,2,FALSE),0)) | M23: =IF(OR('Buchungsjournal'!$J23="",'Buchungsjournal'!$L23=""),"",'Buchungsjournal'!$J23*'Buchungsjournal'!$L23) | N23: =IF('Buchungsjournal'!$J23="","",'Buchungsjournal'!$J23+'Buchungsjournal'!$M23) | Q23: =IF(AND('Buchungsjournal'!$F23="",'Buchungsjournal'!$H23="",'Buchungsjournal'!$J23=""),"",IF(OR('Buchungsjournal'!$F23="",'Buchungsjournal'!$H23="",'Buchungsjournal'!$J23<=0),"Prüfen","OK"))
... G101: =IF('Buchungsjournal'!$F101="","",IFERROR(VLOOKUP('Buchungsjournal'!$F101,'Kontenplan'!$A$2:$G$101,2,FALSE),"")) | I101: =IF('Buchungsjournal'!$H101="","",IFERROR(VLOOKUP('Buchungsjournal'!$H101,'Kontenplan'!$A$2:$G$101,2,FALSE),"")) | L101: =IF('Buchungsjournal'!$K101="","",IFERROR(VLOOKUP('Buchungsjournal'!$K101,'Kontenplan'!$E$2:$F$101,2,FALSE),0)) | M101: =IF(OR('Buchungsjournal'!$J101="",'Buchungsjournal'!$L101=""),"",'Buchungsjournal'!$J101*'Buchungsjournal'!$L101) | N101: =IF('Buchungsjournal'!$J101="","",'Buchungsjournal'!$J101+'Buchungsjournal'!$M101) | Q101: =IF(AND('Buchungsjournal'!$F101="",'Buchungsjournal'!$H101="",'Buchungsjournal'!$J101=""),"",IF(OR('Buchungsjournal'!$F101="",'Buchungsjournal'!$H101="",'Buchungsjournal'!$J101<=0),"Prüfen","OK"))
A102: Journal-Kontrolle | B102: Wert
A103: Total Nettobetrag | B103: =SUM('Buchungsjournal'!$J$2:$J$101)
A104: Total MWST | B104: =SUM('Buchungsjournal'!$M$2:$M$101)
A105: Total Bruttobetrag | B105: =SUM('Buchungsjournal'!$N$2:$N$101)
A106: Durchschnitt Nettobetrag | B106: =IFERROR(AVERAGE('Buchungsjournal'!$J$2:$J$101),0)
A107: Anzahl geprüfter Buchungen | B107: =COUNTIF('Buchungsjournal'!$Q$2:$Q$101,"OK")

Sheet Kontenplan
A1: Kontonummer | B1: Kontobezeichnung | C1: Kontoklasse | D1: Kontoart | E1: MWST-Code | F1: MWST-Satz | G1: Aktiv/Inaktiv
A2: 1000 | B2: Kasse | C2: 1 | D2: Aktiv | E2: Keine | F2: 0 | G2: Aktiv
A3: 1020 | B3: Bank | C3: 1 | D3: Aktiv | E3: Keine | F3: 0 | G3: Aktiv
A4: 1100 | B4: Forderungen aus Lieferungen und Leistungen | C4: 1 | D4: Aktiv | E4: Keine | F4: 0 | G4: Aktiv
A5: 1170 | B5: Vorsteuer MWST Normalsatz | C5: 1 | D5: Aktiv | E5: V81 | F5: 0.081 | G5: Aktiv
A6: 1171 | B6: Vorsteuer MWST reduzierter Satz | C6: 1 | D6: Aktiv | E6: R26 | F6: 0.026 | G6: Aktiv
A7: 1172 | B7: Vorsteuer MWST Beherbergung | C7: 1 | D7: Aktiv | E7: R38 | F7: 0.038 | G7: Aktiv
A8: 2000 | B8: Verbindlichkeiten aus Lieferungen und Leistungen | C8: 2 | D8: Passiv | E8: Keine | F8: 0 | G8: Aktiv
A9: 2200 | B9: Geschuldete MWST | C9: 2 | D9: Passiv | E9: U81 | F9: 0.081 | G9: Aktiv
A10: 2800 | B10: Eigenkapital | C10: 2 | D10: Passiv | E10: Keine | F10: 0 | G10: Aktiv
A11: 2850 | B11: Privatkonto | C11: 2 | D11: Passiv | E11: Keine | F11: 0 | G11: Aktiv
A12: 3000 | B12: Warenertrag | C12: 3 | D12: Ertrag | E12: U81 | F12: 0.081 | G12: Aktiv
A13: 4000 | B13: Warenaufwand | C13: 4 | D13: Aufwand | E13: V81 | F13: 0.081 | G13: Aktiv
... A16: 6900 | B16: Finanzaufwand | C16: 6 | D16: Aufwand | E16: Keine | F16: 0 | G16: Aktiv

Sheet Auswertung
A1: Auswertung Doppelte Buchhaltung
A3: Kennzahl | B3: Wert | G3: Aufwand und Ertrag nach Konto | H3: Betrag CHF
A4: Total Nettoaufwand | B4: =SUMIF('Buchungsjournal'!$F$2:$F$101,4000,'Buchungsjournal'!$J$2:$J$101)+SUMIF('Buchungsjournal'!$F$2:$F$101,6200,'Buchungsjournal'!$J$2:$J$101)+SUMIF('Buchungsjournal'!$F$2:$F$101,6500,'Buchungsjournal'!$J$2:$J$101)+SUMIF('Buchungsjournal'!$F$2:$F$101,6900,'Buchungsjournal'!$J$2:$J$101) | G4: =IFERROR(VLOOKUP(3000,'Kontenplan'!$A$2:$G$101,2,FALSE),"") | H4: =IFERROR(SUMIF('Buchungsjournal'!$H$2:$H$101,3000,'Buchungsjournal'!$J$2:$J$101),0)
A5: Total Nettoertrag | B5: =SUMIF('Buchungsjournal'!$H$2:$H$101,3000,'Buchungsjournal'!$J$2:$J$101) | G5: =IFERROR(VLOOKUP(4000,'Kontenplan'!$A$2:$G$101,2,FALSE),"") | H5: =IFERROR(SUMIF('Buchungsjournal'!$F$2:$F$101,4000,'Buchungsjournal'!$J$2:$J$101),0)
A6: Total MWST | B6: =SUM('Buchungsjournal'!$M$2:$M$101) | G6: =IFERROR(VLOOKUP(6200,'Kontenplan'!$A$2:$G$101,2,FALSE),"") | H6: =IFERROR(SUMIF('Buchungsjournal'!$F$2:$F$101,6200,'Buchungsjournal'!$J$2:$J$101),0)
A7: Total Buchungsvolumen | B7: =SUM('Buchungsjournal'!$N$2:$N$101) | G7: =IFERROR(VLOOKUP(6500,'Kontenplan'!$A$2:$G$101,2,FALSE),"") | H7: =IFERROR(SUMIF('Buchungsjournal'!$F$2:$F$101,6500,'Buchungsjournal'!$J$2:$J$101),0)
A8: Anzahl Buchungen | B8: =COUNTIF('Buchungsjournal'!$Q$2:$Q$101,"OK") | G8: =IFERROR(VLOOKUP(6900,'Kontenplan'!$A$2:$G$101,2,FALSE),"") | H8: =IFERROR(SUMIF('Buchungsjournal'!$F$2:$F$101,6900,'Buchungsjournal'!$J$2:$J$101),0)
A9: Anteil Aufwand am Buchungsvolumen | B9: =IFERROR('Auswertung'!$B$4/'Auswertung'!$B$7,0)
A13: Kontonummer | B13: Kontobezeichnung | C13: Sollsumme CHF | D13: Habensumme CHF | E13: Saldo CHF
A14: =IF('Kontenplan'!$A2="","",'Kontenplan'!$A2) | B14: =IF('Auswertung'!$A14="","",IFERROR(VLOOKUP('Auswertung'!$A14,'Kontenplan'!$A$2:$G$101,2,FALSE),"")) | C14: =IF('Auswertung'!$A14="","",SUMIF('Buchungsjournal'!$F$2:$F$101,'Auswertung'!$A14,'Buchungsjournal'!$J$2:$J$101)) | D14: =IF('Auswertung'!$A14="","",SUMIF('Buchungsjournal'!$H$2:$H$101,'Auswertung'!$A14,'Buchungsjournal'!$J$2:$J$101)) | E14: =IF('Auswertung'!$A14="","",'Auswertung'!$C14-'Auswertung'!$D14)
A15: =IF('Kontenplan'!$A3="","",'Kontenplan'!$A3) | B15: =IF('Auswertung'!$A15="","",IFERROR(VLOOKUP('Auswertung'!$A15,'Kontenplan'!$A$2:$G$101,2,FALSE),"")) | C15: =IF('Auswertung'!$A15="","",SUMIF('Buchungsjournal'!$F$2:$F$101,'Auswertung'!$A15,'Buchungsjournal'!$J$2:$J$101)) | D15: =IF('Auswertung'!$A15="","",SUMIF('Buchungsjournal'!$H$2:$H$101,'Auswertung'!$A15,'Buchungsjournal'!$J$2:$J$101)) | E15: =IF('Auswertung'!$A15="","",'Auswertung'!$C15-'Auswertung'!$D15) | G15: Aufwandart | H15: Betrag CHF
A16: =IF('Kontenplan'!$A4="","",'Kontenplan'!$A4) | B16: =IF('Auswertung'!$A16="","",IFERROR(VLOOKUP('Auswertung'!$A16,'Kontenplan'!$A$2:$G$101,2,FALSE),"")) | C16: =IF('Auswertung'!$A16="","",SUMIF('Buchungsjournal'!$F$2:$F$101,'Auswertung'!$A16,'Buchungsjournal'!$J$2:$J$101)) | D16: =IF('Auswertung'!$A16="","",SUMIF('Buchungsjournal'!$H$2:$H$101,'Auswertung'!$A16,'Buchungsjournal'!$J$2:$J$101)) | E16: =IF('Auswertung'!$A16="","",'Auswertung'!$C16-'Auswertung'!$D16) | G16: ='Auswertung'!$G$5 | H16: ='Auswertung'!$H$5
A17: =IF('Kontenplan'!$A5="","",'Kontenplan'!$A5) | B17: =IF('Auswertung'!$A17="","",IFERROR(VLOOKUP('Auswertung'!$A17,'Kontenplan'!$A$2:$G$101,2,FALSE),"")) | C17: =IF('Auswertung'!$A17="","",SUMIF('Buchungsjournal'!$F$2:$F$101,'Auswertung'!$A17,'Buchungsjournal'!$J$2:$J$101)) | D17: =IF('Auswertung'!$A17="","",SUMIF('Buchungsjournal'!$H$2:$H$101,'Auswertung'!$A17,'Buchungsjournal'!$J$2:$J$101)) | E17: =IF('Auswertung'!$A17="","",'Auswertung'!$C17-'Auswertung'!$D17) | G17: ='Auswertung'!$G$6 | H17: ='Auswertung'!$H$6
A18: =IF('Kontenplan'!$A6="","",'Kontenplan'!$A6) | B18: =IF('Auswertung'!$A18="","",IFERROR(VLOOKUP('Auswertung'!$A18,'Kontenplan'!$A$2:$G$101,2,FALSE),"")) | C18: =IF('Auswertung'!$A18="","",SUMIF('Buchungsjournal'!$F$2:$F$101,'Auswertung'!$A18,'Buchungsjournal'!$J$2:$J$101)) | D18: =IF('Auswertung'!$A18="","",SUMIF('Buchungsjournal'!$H$2:$H$101,'Auswertung'!$A18,'Buchungsjournal'!$J$2:$J$101)) | E18: =IF('Auswertung'!$A18="","",'Auswertung'!$C18-'Auswertung'!$D18) | G18: ='Auswertung'!$G$7 | H18: ='Auswertung'!$H$7
A19: =IF('Kontenplan'!$A7="","",'Kontenplan'!$A7) | B19: =IF('Auswertung'!$A19="","",IFERROR(VLOOKUP('Auswertung'!$A19,'Kontenplan'!$A$2:$G$101,2,FALSE),"")) | C19: =IF('Auswertung'!$A19="","",SUMIF('Buchungsjournal'!$F$2:$F$101,'Auswertung'!$A19,'Buchungsjournal'!$J$2:$J$101)) | D19: =IF('Auswertung'!$A19="","",SUMIF('Buchungsjournal'!$H$2:$H$101,'Auswertung'!$A19,'Buchungsjournal'!$J$2:$J$101)) | E19: =IF('Auswertung'!$A19="","",'Auswertung'!$C19-'Auswertung'!$D19) | G19: ='Auswertung'!$G$8 | H19: ='Auswertung'!$H$8
A20: =IF('Kontenplan'!$A8="","",'Kontenplan'!$A8) | B20: =IF('Auswertung'!$A20="","",IFERROR(VLOOKUP('Auswertung'!$A20,'Kontenplan'!$A$2:$G$101,2,FALSE),"")) | C20: =IF('Auswertung'!$A20="","",SUMIF('Buchungsjournal'!$F$2:$F$101,'Auswertung'!$A20,'Buchungsjournal'!$J$2:$J$101)) | D20: =IF('Auswertung'!$A20="","",SUMIF('Buchungsjournal'!$H$2:$H$101,'Auswertung'!$A20,'Buchungsjournal'!$J$2:$J$101)) | E20: =IF('Auswertung'!$A20="","",'Auswertung'!$C20-'Auswertung'!$D20)
A21: =IF('Kontenplan'!$A9="","",'Kontenplan'!$A9) | B21: =IF('Auswertung'!$A21="","",IFERROR(VLOOKUP('Auswertung'!$A21,'Kontenplan'!$A$2:$G$101,2,FALSE),"")) | C21: =IF('Auswertung'!$A21="","",SUMIF('Buchungsjournal'!$F$2:$F$101,'Auswertung'!$A21,'Buchungsjournal'!$J$2:$J$101)) | D21: =IF('Auswertung'!$A21="","",SUMIF('Buchungsjournal'!$H$2:$H$101,'Auswertung'!$A21,'Buchungsjournal'!$J$2:$J$101)) | E21: =IF('Auswertung'!$A21="","",'Auswertung'!$C21-'Auswertung'!$D21)
A22: =IF('Kontenplan'!$A10="","",'Kontenplan'!$A10) | B22: =IF('Auswertung'!$A22="","",IFERROR(VLOOKUP('Auswertung'!$A22,'Kontenplan'!$A$2:$G$101,2,FALSE),"")) | C22: =IF('Auswertung'!$A22="","",SUMIF('Buchungsjournal'!$F$2:$F$101,'Auswertung'!$A22,'Buchungsjournal'!$J$2:$J$101)) | D22: =IF('Auswertung'!$A22="","",SUMIF('Buchungsjournal'!$H$2:$H$101,'Auswertung'!$A22,'Buchungsjournal'!$J$2:$J$101)) | E22: =IF('Auswertung'!$A22="","",'Auswertung'!$C22-'Auswertung'!$D22)
A23: =IF('Kontenplan'!$A11="","",'Kontenplan'!$A11) | B23: =IF('Auswertung'!$A23="","",IFERROR(VLOOKUP('Auswertung'!$A23,'Kontenplan'!$A$2:$G$101,2,FALSE),"")) | C23: =IF('Auswertung'!$A23="","",SUMIF('Buchungsjournal'!$F$2:$F$101,'Auswertung'!$A23,'Buchungsjournal'!$J$2:$J$101)) | D23: =IF('Auswertung'!$A23="","",SUMIF('Buchungsjournal'!$H$2:$H$101,'Auswertung'!$A23,'Buchungsjournal'!$J$2:$J$101)) | E23: =IF('Auswertung'!$A23="","",'Auswertung'!$C23-'Auswertung'!$D23)
A24: =IF('Kontenplan'!$A12="","",'Kontenplan'!$A12) | B24: =IF('Auswertung'!$A24="","",IFERROR(VLOOKUP('Auswertung'!$A24,'Kontenplan'!$A$2:$G$101,2,FALSE),"")) | C24: =IF('Auswertung'!$A24="","",SUMIF('Buchungsjournal'!$F$2:$F$101,'Auswertung'!$A24,'Buchungsjournal'!$J$2:$J$101)) | D24: =IF('Auswertung'!$A24="","",SUMIF('Buchungsjournal'!$H$2:$H$101,'Auswertung'!$A24,'Buchungsjournal'!$J$2:$J$101)) | E24: =IF('Auswertung'!$A24="","",'Auswertung'!$C24-'Auswertung'!$D24)
A25: =IF('Kontenplan'!$A13="","",'Kontenplan'!$A13) | B25: =IF('Auswertung'!$A25="","",IFERROR(VLOOKUP('Auswertung'!$A25,'Kontenplan'!$A$2:$G$101,2,FALSE),"")) | C25: =IF('Auswertung'!$A25="","",SUMIF('Buchungsjournal'!$F$2:$F$101,'Auswertung'!$A25,'Buchungsjournal'!$J$2:$J$101)) | D25: =IF('Auswertung'!$A25="","",SUMIF('Buchungsjournal'!$H$2:$H$101,'Auswertung'!$A25,'Buchungsjournal'!$J$2:$J$101)) | E25: =IF('Auswertung'!$A25="","",'Auswertung'!$C25-'Auswertung'!$D25)
A26: =IF('Kontenplan'!$A14="","",'Kontenplan'!$A14) | B26: =IF('Auswertung'!$A26="","",IFERROR(VLOOKUP('Auswertung'!$A26,'Kontenplan'!$A$2:$G$101,2,FALSE),"")) | C26: =IF('Auswertung'!$A26="","",SUMIF('Buchungsjournal'!$F$2:$F$101,'Auswertung'!$A26,'Buchungsjournal'!$J$2:$J$101)) | D26: =IF('Auswertung'!$A26="","",SUMIF('Buchungsjournal'!$H$2:$H$101,'Auswertung'!$A26,'Buchungsjournal'!$J$2:$J$101)) | E26: =IF('Auswertung'!$A26="","",'Auswertung'!$C26-'Auswertung'!$D26)
A27: =IF('Kontenplan'!$A15="","",'Kontenplan'!$A15) | B27: =IF('Auswertung'!$A27="","",IFERROR(VLOOKUP('Auswertung'!$A27,'Kontenplan'!$A$2:$G$101,2,FALSE),"")) | C27: =IF('Auswertung'!$A27="","",SUMIF('Buchungsjournal'!$F$2:$F$101,'Auswertung'!$A27,'Buchungsjournal'!$J$2:$J$101)) | D27: =IF('Auswertung'!$A27="","",SUMIF('Buchungsjournal'!$H$2:$H$101,'Auswertung'!$A27,'Buchungsjournal'!$J$2:$J$101)) | E27: =IF('Auswertung'!$A27="","",'Auswertung'!$C27-'Auswertung'!$D27) | G27: Monat | H27: Buchungsvolumen CHF
A28: =IF('Kontenplan'!$A16="","",'Kontenplan'!$A16) | B28: =IF('Auswertung'!$A28="","",IFERROR(VLOOKUP('Auswertung'!$A28,'Kontenplan'!$A$2:$G$101,2,FALSE),"")) | C28: =IF('Auswertung'!$A28="","",SUMIF('Buchungsjournal'!$F$2:$F$101,'Auswertung'!$A28,'Buchungsjournal'!$J$2:$J$101)) | D28: =IF('Auswertung'!$A28="","",SUMIF('Buchungsjournal'!$H$2:$H$101,'Auswertung'!$A28,'Buchungsjournal'!$J$2:$J$101)) | E28: =IF('Auswertung'!$A28="","",'Auswertung'!$C28-'Auswertung'!$D28) | G28: 46023 | H28: =IFERROR(SUMIFS('Buchungsjournal'!$N$2:$N$101,'Buchungsjournal'!$B$2:$B$101,">="&'Auswertung'!$G$28,'Buchungsjournal'!$B$2:$B$101,"<"&'Auswertung'!$G$29),0)
A29: =IF('Kontenplan'!$A17="","",'Kontenplan'!$A17) | B29: =IF('Auswertung'!$A29="","",IFERROR(VLOOKUP('Auswertung'!$A29,'Kontenplan'!$A$2:$G$101,2,FALSE),"")) | C29: =IF('Auswertung'!$A29="","",SUMIF('Buchungsjournal'!$F$2:$F$101,'Auswertung'!$A29,'Buchungsjournal'!$J$2:$J$101)) | D29: =IF('Auswertung'!$A29="","",SUMIF('Buchungsjournal'!$H$2:$H$101,'Auswertung'!$A29,'Buchungsjournal'!$J$2:$J$101)) | E29: =IF('Auswertung'!$A29="","",'Auswertung'!$C29-'Auswertung'!$D29) | G29: 46054 | H29: =IFERROR(SUMIFS('Buchungsjournal'!$N$2:$N$101,'Buchungsjournal'!$B$2:$B$101,">="&'Auswertung'!$G$29,'Buchungsjournal'!$B$2:$B$101,"<"&'Auswertung'!$G$30),0)
A30: =IF('Kontenplan'!$A18="","",'Kontenplan'!$A18) | B30: =IF('Auswertung'!$A30="","",IFERROR(VLOOKUP('Auswertung'!$A30,'Kontenplan'!$A$2:$G$101,2,FALSE),"")) | C30: =IF('Auswertung'!$A30="","",SUMIF('Buchungsjournal'!$F$2:$F$101,'Auswertung'!$A30,'Buchungsjournal'!$J$2:$J$101)) | D30: =IF('Auswertung'!$A30="","",SUMIF('Buchungsjournal'!$H$2:$H$101,'Auswertung'!$A30,'Buchungsjournal'!$J$2:$J$101)) | E30: =IF('Auswertung'!$A30="","",'Auswertung'!$C30-'Auswertung'!$D30) | G30: 46082 | H30: =IFERROR(SUMIFS('Buchungsjournal'!$N$2:$N$101,'Buchungsjournal'!$B$2:$B$101,">="&'Auswertung'!$G$30,'Buchungsjournal'!$B$2:$B$101,"<"&'Auswertung'!$G$31),0)
A31: =IF('Kontenplan'!$A19="","",'Kontenplan'!$A19) | B31: =IF('Auswertung'!$A31="","",IFERROR(VLOOKUP('Auswertung'!$A31,'Kontenplan'!$A$2:$G$101,2,FALSE),"")) | C31: =IF('Auswertung'!$A31="","",SUMIF('Buchungsjournal'!$F$2:$F$101,'Auswertung'!$A31,'Buchungsjournal'!$J$2:$J$101)) | D31: =IF('Auswertung'!$A31="","",SUMIF('Buchungsjournal'!$H$2:$H$101,'Auswertung'!$A31,'Buchungsjournal'!$J$2:$J$101)) | E31: =IF('Auswertung'!$A31="","",'Auswertung'!$C31-'Auswertung'!$D31) | G31: 46113
A32: =IF('Kontenplan'!$A20="","",'Kontenplan'!$A20) | B32: =IF('Auswertung'!$A32="","",IFERROR(VLOOKUP('Auswertung'!$A32,'Kontenplan'!$A$2:$G$101,2,FALSE),"")) | C32: =IF('Auswertung'!$A32="","",SUMIF('Buchungsjournal'!$F$2:$F$101,'Auswertung'!$A32,'Buchungsjournal'!$J$2:$J$101)) | D32: =IF('Auswertung'!$A32="","",SUMIF('Buchungsjournal'!$H$2:$H$101,'Auswertung'!$A32,'Buchungsjournal'!$J$2:$J$101)) | E32: =IF('Auswertung'!$A32="","",'Auswertung'!$C32-'Auswertung'!$D32)
A33: =IF('Kontenplan'!$A21="","",'Kontenplan'!$A21) | B33: =IF('Auswertung'!$A33="","",IFERROR(VLOOKUP('Auswertung'!$A33,'Kontenplan'!$A$2:$G$101,2,FALSE),"")) | C33: =IF('Auswertung'!$A33="","",SUMIF('Buchungsjournal'!$F$2:$F$101,'Auswertung'!$A33,'Buchungsjournal'!$J$2:$J$101)) | D33: =IF('Auswertung'!$A33="","",SUMIF('Buchungsjournal'!$H$2:$H$101,'Auswertung'!$A33,'Buchungsjournal'!$J$2:$J$101)) | E33: =IF('Auswertung'!$A33="","",'Auswertung'!$C33-'Auswertung'!$D33)
A34: =IF('Kontenplan'!$A22="","",'Kontenplan'!$A22) | B34: =IF('Auswertung'!$A34="","",IFERROR(VLOOKUP('Auswertung'!$A34,'Kontenplan'!$A$2:$G$101,2,FALSE),"")) | C34: =IF('Auswertung'!$A34="","",SUMIF('Buchungsjournal'!$F$2:$F$101,'Auswertung'!$A34,'Buchungsjournal'!$J$2:$J$101)) | D34: =IF('Auswertung'!$A34="","",SUMIF('Buchungsjournal'!$H$2:$H$101,'Auswertung'!$A34,'Buchungsjournal'!$J$2:$J$101)) | E34: =IF('Auswertung'!$A34="","",'Auswertung'!$C34-'Auswertung'!$D34)
A35: =IF('Kontenplan'!$A23="","",'Kontenplan'!$A23) | B35: =IF('Auswertung'!$A35="","",IFERROR(VLOOKUP('Auswertung'!$A35,'Kontenplan'!$A$2:$G$101,2,FALSE),"")) | C35: =IF('Auswertung'!$A35="","",SUMIF('Buchungsjournal'!$F$2:$F$101,'Auswertung'!$A35,'Buchungsjournal'!$J$2:$J$101)) | D35: =IF('Auswertung'!$A35="","",SUMIF('Buchungsjournal'!$H$2:$H$101,'Auswertung'!$A35,'Buchungsjournal'!$J$2:$J$101)) | E35: =IF('Auswertung'!$A35="","",'Auswertung'!$C35-'Auswertung'!$D35)
A36: =IF('Kontenplan'!$A24="","",'Kontenplan'!$A24) | B36: =IF('Auswertung'!$A36="","",IFERROR(VLOOKUP('Auswertung'!$A36,'Kontenplan'!$A$2:$G$101,2,FALSE),"")) | C36: =IF('Auswertung'!$A36="","",SUMIF('Buchungsjournal'!$F$2:$F$101,'Auswertung'!$A36,'Buchungsjournal'!$J$2:$J$101)) | D36: =IF('Auswertung'!$A36="","",SUMIF('Buchungsjournal'!$H$2:$H$101,'Auswertung'!$A36,'Buchungsjournal'!$J$2:$J$101)) | E36: =IF('Auswertung'!$A36="","",'Auswertung'!$C36-'Auswertung'!$D36)
A37: =IF('Kontenplan'!$A25="","",'Kontenplan'!$A25) | B37: =IF('Auswertung'!$A37="","",IFERROR(VLOOKUP('Auswertung'!$A37,'Kontenplan'!$A$2:$G$101,2,FALSE),"")) | C37: =IF('Auswertung'!$A37="","",SUMIF('Buchungsjournal'!$F$2:$F$101,'Auswertung'!$A37,'Buchungsjournal'!$J$2:$J$101)) | D37: =IF('Auswertung'!$A37="","",SUMIF('Buchungsjournal'!$H$2:$H$101,'Auswertung'!$A37,'Buchungsjournal'!$J$2:$J$101)) | E37: =IF('Auswertung'!$A37="","",'Auswertung'!$C37-'Auswertung'!$D37)
A38: =IF('Kontenplan'!$A26="","",'Kontenplan'!$A26) | B38: =IF('Auswertung'!$A38="","",IFERROR(VLOOKUP('Auswertung'!$A38,'Kontenplan'!$A$2:$G$101,2,FALSE),"")) | C38: =IF('Auswertung'!$A38="","",SUMIF('Buchungsjournal'!$F$2:$F$101,'Auswertung'!$A38,'Buchungsjournal'!$J$2:$J$101)) | D38: =IF('Auswertung'!$A38="","",SUMIF('Buchungsjournal'!$H$2:$H$101,'Auswertung'!$A38,'Buchungsjournal'!$J$2:$J$101)) | E38: =IF('Auswertung'!$A38="","",'Auswertung'!$C38-'Auswertung'!$D38)
A39: =IF('Kontenplan'!$A27="","",'Kontenplan'!$A27) | B39: =IF('Auswertung'!$A39="","",IFERROR(VLOOKUP('Auswertung'!$A39,'Kontenplan'!$A$2:$G$101,2,FALSE),"")) | C39: =IF('Auswertung'!$A39="","",SUMIF('Buchungsjournal'!$F$2:$F$101,'Auswertung'!$A39,'Buchungsjournal'!$J$2:$J$101)) | D39: =IF('Auswertung'!$A39="","",SUMIF('Buchungsjournal'!$H$2:$H$101,'Auswertung'!$A39,'Buchungsjournal'!$J$2:$J$101)) | E39: =IF('Auswertung'!$A39="","",'Auswertung'!$C39-'Auswertung'!$D39)
A40: =IF('Kontenplan'!$A28="","",'Kontenplan'!$A28) | B40: =IF('Auswertung'!$A40="","",IFERROR(VLOOKUP('Auswertung'!$A40,'Kontenplan'!$A$2:$G$101,2,FALSE),"")) | C40: =IF('Auswertung'!$A40="","",SUMIF('Buchungsjournal'!$F$2:$F$101,'Auswertung'!$A40,'Buchungsjournal'!$J$2:$J$101)) | D40: =IF('Auswertung'!$A40="","",SUMIF('Buchungsjournal'!$H$2:$H$101,'Auswertung'!$A40,'Buchungsjournal'!$J$2:$J$101)) | E40: =IF('Auswertung'!$A40="","",'Auswertung'!$C40-'Auswertung'!$D40)
A41: =IF('Kontenplan'!$A29="","",'Kontenplan'!$A29) | B41: =IF('Auswertung'!$A41="","",IFERROR(VLOOKUP('Auswertung'!$A41,'Kontenplan'!$A$2:$G$101,2,FALSE),"")) | C41: =IF('Auswertung'!$A41="","",SUMIF('Buchungsjournal'!$F$2:$F$101,'Auswertung'!$A41,'Buchungsjournal'!$J$2:$J$101)) | D41: =IF('Auswertung'!$A41="","",SUMIF('Buchungsjournal'!$H$2:$H$101,'Auswertung'!$A41,'Buchungsjournal'!$J$2:$J$101)) | E41: =IF('Auswertung'!$A41="","",'Auswertung'!$C41-'Auswertung'!$D41)
A42: =IF('Kontenplan'!$A30="","",'Kontenplan'!$A30) | B42: =IF('Auswertung'!$A42="","",IFERROR(VLOOKUP('Auswertung'!$A42,'Kontenplan'!$A$2:$G$101,2,FALSE),"")) | C42: =IF('Auswertung'!$A42="","",SUMIF('Buchungsjournal'!$F$2:$F$101,'Auswertung'!$A42,'Buchungsjournal'!$J$2:$J$101)) | D42: =IF('Auswertung'!$A42="","",SUMIF('Buchungsjournal'!$H$2:$H$101,'Auswertung'!$A42,'Buchungsjournal'!$J$2:$J$101)) | E42: =IF('Auswertung'!$A42="","",'Auswertung'!$C42-'Auswertung'!$D42)
A43: =IF('Kontenplan'!$A31="","",'Kontenplan'!$A31) | B43: =IF('Auswertung'!$A43="","",IFERROR(VLOOKUP('Auswertung'!$A43,'Kontenplan'!$A$2:$G$101,2,FALSE),"")) | C43: =IF('Auswertung'!$A43="","",SUMIF('Buchungsjournal'!$F$2:$F$101,'Auswertung'!$A43,'Buchungsjournal'!$J$2:$J$101)) | D43: =IF('Auswertung'!$A43="","",SUMIF('Buchungsjournal'!$H$2:$H$101,'Auswertung'!$A43,'Buchungsjournal'!$J$2:$J$101)) | E43: =IF('Auswertung'!$A43="","",'Auswertung'!$C43-'Auswertung'!$D43)
... A113: =IF('Kontenplan'!$A101="","",'Kontenplan'!$A101) | B113: =IF('Auswertung'!$A113="","",IFERROR(VLOOKUP('Auswertung'!$A113,'Kontenplan'!$A$2:$G$101,2,FALSE),"")) | C113: =IF('Auswertung'!$A113="","",SUMIF('Buchungsjournal'!$F$2:$F$101,'Auswertung'!$A113,'Buchungsjournal'!$J$2:$J$101)) | D113: =IF('Auswertung'!$A113="","",SUMIF('Buchungsjournal'!$H$2:$H$101,'Auswertung'!$A113,'Buchungsjournal'!$J$2:$J$101)) | E113: =IF('Auswertung'!$A113="","",'Auswertung'!$C113-'Auswertung'!$D113)

Sheet Anleitung
A1: Anleitung zur doppelten Buchhaltung
A3: Bereich | B3: Hinweis
A4: Buchungsjournal | B4: Jede Buchung immer mit Soll-Konto und Haben-Konto erfassen. Eine Buchungszeile bildet Soll und Haben mit demselben Betrag ab.
A5: Ausgleich | B5: Jede Buchung muss ausgeglichen sein: Soll = Haben. Bei zusammengesetzten MWST-Buchungen separate Zeilen für Ertrag, Vorsteuer oder geschuldete MWST anlegen.
A6: Beträge | B6: Alle Beträge in CHF erfassen. Das Format der Vorlage zeigt Werte als CHF 1'234.55.
A7: Datum | B7: Das Buchungsdatum im Format DD.MM.YYYY erfassen. Belegnummer und Beschreibung für die Nachvollziehbarkeit vollständig ausfüllen.
A8: MWST | B8: Für die Schweiz gilt in dieser Vorlage der MWST-Normalsatz von 8.1%. Reduzierte Sätze sind 2.6% und 3.8%. MWST-Code und Satz mit der MWST-Abrechnung abstimmen.
A9: Kontenplan | B9: Der Kontenplan basiert auf einer KMU-Struktur. Konten können ergänzt oder auf Inaktiv gesetzt werden. Die Konto-Bezeichnungen im Journal werden automatisch übernommen.
A10: ESTV und Abrechnung | B10: MWST-Abrechnungen, Fristen und anwendbare Verfahren gemäss den aktuellen Vorgaben der ESTV prüfen. Diese Vorlage ersetzt keine fachliche Treuhandberatung.
A11: Belegablage | B11: Jede Buchung mit einem Beleg verbinden und Belege geordnet, vollständig und nachvollziehbar ablegen.
A12: Gelbe Zellen | B12: Gelbe Zellen sind Eingabefelder. Formeln, Konto-Bezeichnungen, Prüfstatus und Auswertungen nicht überschreiben.
